 Dungeon Crawl Stone Soup version 0.26.1-10-gdfb7c7de75 (webtiles) character file.

Game seed: 11208360732180477239

8307 diana the Fighter (level 11, 0/99 HPs)
             Began as a Demonspawn Berserker on Apr 10, 2021.
             Was a High Priest of Trog.
             Slain by an ice devil (5 damage)
             ... on level 11 of the Dungeon.
             The game lasted 00:14:43 (15127 turns).

diana the Fighter (Demonspawn Berserker)           Turns: 15127, Time: 00:14:44

Health: 0/99       AC: 11    Str: 21    XL:     11   Next: 8%
Magic:  0/11       EV: 10    Int:  8    God:    Trog [*****.]
Gold:   406        SH:  0    Dex: 13    Spells: 10/10 levels left

rFire    + . .     SeeInvis .   m - +3 hand axe
rCold    + . .     Faith    .   (no shield)
rNeg     . . .     Spirit   +   u - +0 chain mail
rPois    +         Reflect  .   (helmet restricted)
rElec    .         Harm     .   h - scarf {rC+ rF+}
rCorr    .         Rampage  .   D - +2 pair of gloves
Will     +....                  (no boots)
Stlth    ..........             (no amulet)
HPRegen  0.26/turn              j - ring of willpower
MPRegen  0.12/turn              k - ring of poison resistance

@: slowed, very slow
A: horns 2, powered by pain 1, magic shield, sturdy frame 2
a: Renounce Religion, Berserk, Trog's Hand, Brothers in Arms


You were on level 11 of the Dungeon.
You worshipped Trog.
Trog was extremely pleased with you.
You visited 1 branch of the dungeon, and saw 13 of its levels.

You collected 406 gold pieces.

Inventory:

Hand Weapons
 m - a +3 hand axe (weapon)
 y - a +0 battleaxe
 E - a +5 morningstar of freezing
Armour
 h - a scarf of resistance (worn)
 u - a +0 chain mail (worn)
 D - a +2 pair of gloves (worn)
 H - a +0 cloak
Jewellery
 j - a ring of willpower (left hand)
 k - a ring of poison resistance (right hand)
 o - an uncursed ring of resist corrosion
Wands
 n - a wand of polymorph (3)
 B - a wand of random effects (52)
 F - a wand of flame (18)
Scrolls
 b - a scroll of noise {unknown}
 c - 3 scrolls of immolation
 d - 2 scrolls of remove curse {unknown}
 f - 3 scrolls of enchant weapon
 i - 2 scrolls of blinking {unknown}
 p - a scroll of fog {unknown}
 t - a scroll of summoning {unknown}
 v - a scroll of amnesia {unknown}
 w - 4 scrolls of teleportation
 A - a scroll of random uselessness {unknown}
 C - a scroll of silence {unknown}
Potions
 a - 3 potions of mutation
 e - a potion of ambrosia
 l - 4 potions of heal wounds
 q - a potion of degeneration {unknown}
 r - a potion of brilliance {unknown}
 s - a potion of flight {unknown}
 x - 2 potions of haste
 z - 3 potions of lignification
 G - a potion of magic {unknown}
 I - a potion of cancellation {unknown}


   Skills:
 * Level 13.8 Fighting
 + Level 9.5 Axes
 - Level 1.7 Armour
 - Level 1.7 Dodging


You had 10 spell levels left.
You didn't know any spells.
Your spell library was empty.

Dungeon Overview and Level Annotations

Branches:
Dungeon (13/15)            Temple (0/1) D:7            Lair (0/6) D:9
    Orc: D:9-12      Vaults: D:13-14

Altars:
Cheibriados
Gozag
Hepliaklqana
Kikubaaqudgha
Makhleb
Nemelex Xobeh
Xom
Zin
The Shining One

Shops:
D:8 =   D:9 *

Portals:
Ice
Cave: D:11


Innate Abilities, Weirdness & Mutations

You have a pair of horns on your head.
You sometimes gain a little power by taking damage.
When hurt, damage is shared between your health and your magic reserves.
Your movements are less encumbered by armour. (ER -4)


Message History

The ice devil closely misses you.
You barely miss the ice devil.
The ice devil is almost dead.
The ice devil hits you! The ice devil freezes you! You resist.
* * * LOW HITPOINT WARNING * * *
You hit the ice devil. Your headbutt misses the ice devil.
The ice devil is almost dead.
The ice devil hits you!
* * * LOW HITPOINT WARNING * * *
You focus on the pain.
You feel your power returning. The ice devil freezes you! You resist.
* * * LOW HITPOINT WARNING * * *
You hit the ice devil but do no damage.
The ice devil is almost dead.
The ice devil hits you.
* * * LOW HITPOINT WARNING * * *
The ice devil freezes you! You resist.
* * * LOW HITPOINT WARNING * * *
The ice devil hits you!
You die...

#########
#.......#
###.###+#@# ####
#...# #..4# ...#
###...# ##.##
$..# #††...# #!
...###.#...# ..
...##..#...# ...
...'..##...# ...
...#####...##..∩
'### #...#


You could see an ice devil.

Vanquished Creatures
  Erolcha (D:13)
  3 two-headed ogres
  Pikel (D:7)
  A troll (D:9)
  7 yaks
  A wraith (D:11)
  3 sky beasts
  An ice beast (D:5)
  An orc warrior (D:9)
  A black bear (D:9)
  A phantom (D:8)
  3 centaurs
  7 ogres
  3 lemures (D:7)
  A big kobold (D:11)
  5 bullfrogs
  2 scorpions
  10 killer bees
  4 wights
  2 howler monkeys
  5 orc priests
  A bullfrog zombie (D:7)
  6 hounds
  4 jellies
  A centaur skeleton (D:4)
  4 orc wizards
  10 worker ants
  4 iguanas
  A hound skeleton (D:4)
  A worker ant zombie (D:9)
  7 gnolls
  11 adders
  3 white imps (D:5)
  An adder skeleton (D:5)
  2 adder zombies
  4 worms
  3 dart slugs
  6 leopard geckos
  24 orcs
  6 bats
  5 giant cockroaches
  6 goblins
  5 hobgoblins
  10 jackals
  4 quokkas
  13 frilled lizards
  11 kobolds
  A quokka skeleton (D:8)
  9 rats
226 creatures vanquished.

Vanquished Creatures (others)
  An orc wizard (D:9)
  A plant (D:9)
2 creatures vanquished.

Grand Total: 228 creatures vanquished

Notes
Turn   | Place    | Note
-------+----------+-------------------------------------------
     0 | D:1      | diana the Demonspawn Berserker began the quest for the Orb.
     0 | D:1      | Reached XP level 1. HP: 18/18 MP: 1/1
   534 | D:1      | Gained mutation: You sometimes gain a little power by
                  | taking damage. [demonic ancestry]
   534 | D:1      | Reached XP level 2. HP: 24/24 MP: 2/2
  1384 | D:1      | Reached XP level 3. HP: 30/30 MP: 3/3
  1645 | D:1      | Reached skill level 4 in Fighting
  2409 | D:2      | Reached ** piety under Trog
  2742 | D:2      | HP: 2/46 [gnoll/+0 spear (3)]
  2743 | D:2      | Gained mutation: Your movements are slightly less
                  | encumbered by armour. (ER -2) [demonic ancestry]
  2743 | D:2      | Reached XP level 4. HP: 3/38 MP: 4/4
  2747 | D:2      | HP: 1/38 [bat (1)]
  3751 | D:3      | Reached skill level 5 in Fighting
  4135 | D:3      | Reached XP level 5. HP: 39/44 MP: 5/5
  5678 | D:4      | Noticed an ogre
  5683 | D:4      | Killed an ogre
  5684 | D:4      | Reached XP level 6. HP: 52/52 MP: 6/6
  5926 | D:4      | Reached skill level 6 in Fighting
  6623 | D:5      | Entered Level 5 of the Dungeon
  6633 | D:5      | Reached *** piety under Trog
  6816 | D:5      | Gained mutation: You have a pair of small horns on your
                  | head. [demonic ancestry]
  6816 | D:5      | Reached XP level 7. HP: 8/59 MP: 7/7
  6969 | D:5      | Reached skill level 7 in Fighting
  7226 | D:5      | Reached skill level 5 in Axes
  7541 | D:5      | Found a burning altar of Makhleb.
  7676 | D:5      | Reached skill level 8 in Fighting
  7959 | D:5      | Gained mutation: Your movements are less encumbered by
                  | armour. (ER -4) [demonic ancestry]
  7959 | D:5      | Reached XP level 8. HP: 68/68 MP: 8/8
  9286 | D:6      | Found a hazy altar of Hepliaklqana.
  9494 | D:6      | Reached skill level 9 in Fighting
  9776 | D:6      | Found an ancient bone altar of Kikubaaqudgha.
  9776 | D:6      | Found a glowing silver altar of Zin.
  9776 | D:6      | Found a shimmering altar of Xom.
 10225 | D:7      | You fall into a shaft and drop 1 floor!
 10686 | D:8      | Found Jiqeti's Jewellery Emporium.
 10739 | D:8      | Reached skill level 10 in Fighting
 10741 | D:8      | Reached **** piety under Trog
 10747 | D:8      | Gained mutation: You have a pair of horns on your head.
                  | [demonic ancestry]
 10747 | D:8      | Reached XP level 9. HP: 78/78 MP: 9/9
 10982 | D:8      | Noticed a two-headed ogre
 10987 | D:8      | Killed a two-headed ogre
 11370 | D:8      | Reached skill level 11 in Fighting
 11800 | D:7      | Noticed Pikel
 11821 | D:7      | Killed Pikel
 12082 | D:7      | Found a glowing golden altar of the Shining One.
 12099 | D:7      | Found a staircase to the Ecumenical Temple.
 12455 | D:7      | Found a sparkling altar of Nemelex Xobeh.
 12455 | D:7      | Found a snail-covered altar of Cheibriados.
 12655 | D:9      | Noticed a troll
 12767 | D:9      | Reached XP level 10. HP: 30/89 MP: 10/10
 12774 | D:9      | Reached skill level 12 in Fighting
 13233 | D:9      | Noticed a two-headed ogre
 13245 | D:9      | Killed a two-headed ogre
 13331 | D:9      | Found an opulent altar of Gozag.
 13595 | D:9      | Noticed a two-headed ogre
 13606 | D:9      | Killed a two-headed ogre
 13763 | D:9      | Found Yrifruz's Assorted Antiques.
 13819 | D:9      | Found a staircase to the Lair.
 13911 | D:9      | Reached skill level 13 in Fighting
 13916 | D:9      | Reached ***** piety under Trog
 14218 | D:10     | Entered Level 10 of the Dungeon
 14633 | D:10     | You fall into a shaft and drop 3 floors!
 14633 | D:13     | Noticed Erolcha
 14643 | D:13     | Killed Erolcha
 14785 | D:12     | Gained mutation: When hurt, damage is shared between your
                  | health and your magic reserves. [demonic ancestry]
 14785 | D:12     | Reached XP level 11. HP: 66/99 MP: 11/11
 15103 | D:11     | Found a frozen archway.
 15127 | D:11     | Slain by an ice devil

Illustrated notes

Levels and vault maps discovered:
D:1:      sevenhm_arrival_forest_fort_small_4, layout_loops_ring
D:2:      layout_loops_ring
D:3:      layout_basic
D:4:      layout_gridville
D:5:      minmay_clustersquares, layout_loops_ring, makhleb_heckhound_becter
D:6:      layout_basic, gammafunk_temple_overflow_claw,
          nicolae_overflow_crystal_walls, st_stairs_12, minivault_25
D:7:      layout_gridville, gammafunk_temple_overflow_elements,
          tso_oasis_becter, minmay_temple_entry_large_hall, minmay_statues_item,
          hangedman_abyss_or_decor_jellyfish_corner, uniq_pikel
D:8:      layout_loops_ring, serial_shops, kennysheep_little_box,
          grunt_ministairs_5
D:9:      layout_big_octagon, grunt_gozag_statues, lair_entry_dummy,
          serial_shops, nicolae_shop_overgrown_old_shop,
          minmay_fractal_squares_gapless_5
D:10:     layout_roguey, minmay_orc_entry_temple_small, serial_shops,
          nicolae_shop_waterfront, serial_co_window_serial, co_window_corner_a,
          co_window_paths_a, co_window_paths_b, co_window_paths_a,
          co_window_paths_a, co_window_corner_a, co_window_paths_c,
          co_window_corner_cb, co_window_paths_c, co_window_broadway_b,
          co_window_corner_cb, co_window_corner_ca, co_window_of_opportunity_c,
          co_window_paths_e, co_window_paths_d, uniq_psyche
D:11:     layout_roguey, portal_ice_cave_demonic_guard, serial_shops,
          nicolae_shop_statue_plus, gammafunk_ghost_wrathful_warriors,
          minmay_variable_closet
D:12:     minmay_the_grid_octo_triangle [minmay_the_grid_octo_77,
          minmay_the_grid_octo_prize_ultimate_mussel_roller,
          minmay_the_grid_octo_fat_diamond], layout_irregular_city,
          chequers_serial_rivers_room_b, nicolae_straight_to_the_point
D:13:     layout_roguey, hangedman_vaults_entry_quadrant_bands, uniq_erolcha,
          uniq_rupert

Skill      XL: |  1  2  3  4  5  6  7  8  9 10 |
---------------+-------------------------------+-----
Axes           | 3 4 5 6 8 9 |  9.5
Fighting       | 4 5 6 8 10 11 13 | 13.8
Armour         | |  1.7
Dodging        | |  1.7

Action                   |  1- 3 |  4- 6 |  7- 9 | 10-12 || total
-------------------------+-------+-------+-------+-------++-------
Melee: Hand axe          |   149 |   178 |   337 |   196 ||   860
       Headbutt          |       |       |    69 |    43 ||   112
       Battleaxe         |       |       |    12 |       ||    12
Invok: Berserk           |     1 |     3 |     5 |     5 ||    14
       Trog's Hand       |       |     1 |     1 |     1 ||     3
  Use: Scroll            |       |       |       |     7 ||     7
 Stab: Sleeping          |     1 |     2 |       |       ||     3
Armor: Animal skin       |    20 |    29 |    16 |       ||    65
       Chain mail        |       |       |    89 |    94 ||   183
Dodge: Dodged            |    89 |   120 |   181 |    95 ||   485
